AoeStats
← chrisgrm

African Clearing

510685979Analyzed
2v2 RM · 6h ago on Oct 2, 2026· 59m 25s· 4 players
Game mode
Random Map
Map size
Medium (4 player)
Population
200
Speed
Normal
Resources
Standard
Victory
Conquest
Starting age
Dark Age
Ending age
Imperial Age
RankedLock teamsTeams togetherTeam positionsShared explorationLock speedFull tech treeHidden civsTurbo modeCheats
Victory
Defeat
🇺🇸 Saxons · United States
1240
+13
🇺🇸 Italians · United States
1240
+13
🇨🇴 Huns · Colombia
1170
-13
🇨🇴 Japanese · Colombia
1168
-13
daytonagrey
5:44 Loom
6:54 Loom
13:14 Feudal Age
14:51 Double-Bit Axe
18:19 Fletching
18:41 Forging
23:13 Castle Age
22:18 Fletching
24:08 Bow Saw
23:24 Crossbowman
27:35 Stone Mining
34:36 Horse Collar
36:03 Bodkin Arrow
37:24 Gold Mining
37:58 Padded Archer Armor
39:30 Thumb Ring
40:02 Wheelbarrow
40:32 Leather Archer Armor
41:35 Hand Cart
45:03 Imperial Age
45:25 Arbalester
47:51 Ballistics
48:32 Chemistry
47:41 Heavy Plow
49:53 Bracer
50:24 Ring Archer Armor
50:18 Light Cavalry
52:46 Stone Shaft Mining
53:12 Ring Archer Armor
54:28 Two-Man Saw
54:05 Conscription
55:21 Masonry
57:17 Iron Casting
56:47 Scale Barding Armor
58:07 Bombard Tower
58:32 Bloodlines
58:44 Town Watch
dthntxs
8:02 Loom
13:11 Feudal Age
17:04 Fletching
18:46 Town Watch
21:55 Castle Age
21:34 Double-Bit Axe
23:02 Bow Saw
22:57 Bodkin Arrow
26:44 Wheelbarrow
26:56 Bloodlines
26:47 Husbandry
27:03 Padded Archer Armor
30:33 Gold Mining
32:50 Ballistics
41:21 Imperial Age
39:22 Thumb Ring
42:08 Leather Archer Armor
43:02 Bracer
43:17 Leather Archer Armor
43:56 Cranequins
46:34 Ring Archer Armor
46:04 Scale Mail Armor
46:34 Squires
47:03 Hand Cart
48:15 Chemistry
47:02 Horse Collar
49:11 Chain Mail Armor
50:26 Siege Engineers
49:45 Elite Varangian Guard
52:10 Plate Mail Armor
51:50 Forging
52:39 Conscription
52:12 Shield Wall
52:58 Heavy Plow
53:17 Arson
53:19 Gambesons
54:04 Masonry
55:20 Iron Casting
55:32 Architecture
59:49 Gold Shaft Mining
59:18 Stone Mining
chrisgrm
10:46 Loom
14:25 Feudal Age
15:11 Double-Bit Axe
20:15 Castle Age
20:42 Wheelbarrow
20:26 Scale Barding Armor
20:33 Forging
23:59 Chain Barding Armor
25:29 Iron Casting
27:02 Bloodlines
28:09 Wheelbarrow
29:10 Light Cavalry
30:35 Horse Collar
31:33 Husbandry
32:09 Heavy Plow
33:25 Devotion
41:17 Imperial Age
41:27 Fletching
44:38 Bodkin Arrow
45:32 Hand Cart
46:35 Cavalier
48:21 Blast Furnace
48:21 Bow Saw
49:39 Elite Tarkan
50:35 Town Watch
50:57 Paladin
54:55 Plate Barding Armor
54:35 Murder Holes
54:39 Capped Ram
55:36 Masonry
56:40 Conscription
59:28 Atheism
kenneth3011
9:38 Loom
12:13 Feudal Age
12:33 Man-at-Arms
12:59 Arson
13:32 Double-Bit Axe
15:30 Wheelbarrow
21:13 Castle Age
20:35 Stone Mining
20:35 Gold Mining
22:42 Hand Cart
26:17 Bow Saw
29:58 Gold Shaft Mining
29:14 Elite Skirmisher
30:00 Thumb Ring
30:21 Horse Collar
38:07 Imperial Age
35:47 Heavy Plow
39:08 Kataparuto
41:31 Onager
41:53 Elite Samurai
42:55 Conscription
43:49 Forging
43:39 Scale Mail Armor
45:55 Chain Mail Armor
46:16 Iron Casting
47:52 Plate Mail Armor
49:41 Blast Furnace
51:52 Town Watch
57:59 Padded Archer Armor
57:50 Fletching
60:04 Leather Archer Armor
59:45 Bodkin Arrow
Connection lost

Rejoining the realm…

Still unreachable

The connection could not be restored.

Session expired

The server has moved on; the page needs a fresh start.